 Dungeon Crawl Stone Soup version 0.29.1-15-g9cfb28693d (webtiles) character file.

Game seed: 4194149292426331358

60 protoss039 the Digger (level 3, -4/27 HPs)
             Began as a Demonspawn Earth Elementalist on Mar 13, 2023.
             Slain by Sigmund
             ... wielding a +0 scythe
              (5 damage)
             ... on level 2 of the Dungeon.
             The game lasted 00:01:54 (1961 turns).

protoss039 the Digger (DsEE)                        Turns: 1961, Time: 00:01:55

Health: -4/27      AC:  5    Str:  8    XL:     3   Next: 80%
Magic:  1/7        EV: 10    Int: 18    God:
Gold:   54         SH:  0    Dex: 13    Spells: 4/7 levels left

rFire   x . .      SeeInvis .   a - +0 hand axe (freeze)
rCold   + . .      Faith    .   (no shield)
rNeg    . . .      Spirit   .   c - +0 ring mail
rPois   .          Reflect  .   (no helmet)
rElec   .          Harm     .   (no cloak)
rCorr   .          Rampage  .   (no gloves)
Will    .....                   (no boots)
Stlth   +.........              (no amulet)
HPRegen 0.09/turn               g - ring of ice
MPRegen 0.10/turn               (no ring)

@: no status effects
A: hooves 1, demonic magic 1
a: no special abilities


You were on level 2 of the Dungeon.
You visited 1 branch of the dungeon, and saw 2 of its levels.

You collected 54 gold pieces.

Inventory:

Hand Weapons
 a - a +0 hand axe of freezing (weapon)
 l - a +1 dagger of freezing
Armour
 c - a +0 ring mail (worn)
Jewellery
 g - a ring of ice (left hand)
Scrolls
 d - a scroll of torment {unknown}
 f - a scroll of teleportation {unknown}
 j - 4 scrolls of identify {unknown}
 k - a scroll of noise {unknown}
Potions
 b - a potion of magic
 e - a potion of invisibility
 h - a potion of mutation {unknown}
 i - a potion of berserk rage {unknown}


   Skills:
 + Level 1.7 Fighting
 - Level 1.7 Dodging
 - Level 1.7 Stealth
 + Level 2.8 Spellcasting
 - Level 0.8 Transmutations
 + Level 3.3 Earth Magic


You had 4 spell levels left.
You knew the following spells:

 Your Spells              Type           Power      Damage    Failure   Level
a - Sandblast             Erth           28%        2d8       13%         1
b - Passwall              Tmut/Erth      8%         N/A       32%         2

Your spell library contained the following spells:

 Spells                   Type           Power      Damage    Failure   Level
 Magic Dart               Conj           8%         1d3       45%         1
 Searing Ray              Conj           4%         2d4       61%         2
 Stone Arrow              Conj/Erth      16%        3d8       61%         3
 Petrify                  Tmut/Erth      10%        N/A       91%         4
 Fulminant Prism          Conj/Hex       1%         3d6       99%         4


Dungeon Overview and Level Annotations

Branches:
Dungeon (2/15) Zot: 10009

Altars:

Annotations:
D:2 Sigmund


Innate Abilities, Weirdness & Mutations

You have large cloven feet.
Spells you cast may paralyse adjacent enemies.


Message History

Unknown command.
Casting: Sandblast (safe; 13% risk of failure)
Confirm with . or Enter, or press ? or * to list all spells.
Aiming: Sandblast (safe; 13% risk of failure)
Press: ? - help, Shift-Dir - straight line The blast of sand hits something.
Malevolent energies surge around you.
A magic dart appears from out of thin air!
The magic dart hits you.
Unknown command.
Casting: Sandblast (safe; 13% risk of failure)
Confirm with . or Enter, or press ? or * to list all spells.
Aiming: Sandblast (safe; 13% risk of failure)
Press: ? - help, Shift-Dir - straight line The blast of sand hits something!
Malevolent energies surge around you. Something hits you.
Unknown command.
Casting: Sandblast (safe; 13% risk of failure)
Confirm with . or Enter, or press ? or * to list all spells.
Aiming: Sandblast (safe; 13% risk of failure)
Press: ? - help, Shift-Dir - straight line The blast of sand hits something.
Malevolent energies surge around you. Something hits you!
* * * LOW HITPOINT WARNING * * *
Unknown command.
Casting: Sandblast (safe; 13% risk of failure)
Confirm with . or Enter, or press ? or * to list all spells.
Aiming: Sandblast (safe; 13% risk of failure)
Press: ? - help, Shift-Dir - straight line The blast of sand hits something.
Malevolent energies surge around you.
You hear some strange, mumbled words.
A puff of flame appears from out of thin air!
The puff of flame misses you.
Unknown command.
Casting: Sandblast (safe; 13% risk of failure)
Confirm with . or Enter, or press ? or * to list all spells.
Aiming: Sandblast (safe; 13% risk of failure)
Press: ? - help, Shift-Dir - straight line The blast of sand hits something.
Malevolent energies surge around you. Something hits you.
You die...

#########. #.........
.>. +......... ..
...?... # .. .... . # .
#####†####+## ###
#.#.#.†{......... ..
#.#.#@###.####.## .
#..............# #.##
#.#.#(###.####..###.##
#...................
###.###.........#.##
#####.###......##.#.##
#.....................
###.###.####....)###.###
[..........+.....)....†.


There were no monsters in sight!

Vanquished Creatures
  2 adders (D:2)
  2 worms (D:2)
  4 bats
  7 endoplasms
  A giant cockroach (D:2)
  3 goblins
  A quokka (D:1)
  7 ball pythons
  3 frilled lizards
  2 kobolds
  2 rats
34 creatures vanquished.

Notes
Turn   | Place    | Note
-------+----------+-------------------------------------------
     0 | D:1      | protoss039 the Demonspawn Earth Elementalist began the
                  | quest for the Orb.
     0 | D:1      | Reached XP level 1. HP: 13/13 MP: 3/3
   314 | D:1      | Discovered your monstrous ancestry.
   314 | D:1      | Gained mutation: You have large cloven feet. [demonic
                  | ancestry]
   314 | D:1      | Reached XP level 2. HP: 9/20 MP: 3/5
   568 | D:1      | Found a faded altar of an unknown god.
   662 | D:1      | Reached skill level 1 in Fighting
   793 | D:1      | Reached skill level 3 in Earth Magic
  1350 | D:1      | Learned a level 2 spell: Passwall
  1491 | D:2      | Gained mutation: Spells you cast may paralyse adjacent
                  | enemies. [demonic ancestry]
  1491 | D:2      | Reached XP level 3. HP: 21/26 MP: 6/6
  1949 | D:2      | Noticed Sigmund
  1959 | D:2      | HP: 1/27 [something (8)]
  1961 | D:2      | Slain by Sigmund

Illustrated notes

Levels and vault maps discovered:
D:1:      psy_arrival_conway, layout_basic, basic_ecumenical_altar,
          minmay_shallow_snake_nest
D:2:      layout_basic, minmay_pentomino_u4, uniq_sigmund

Skill      XL: |  1  2 |
---------------+-------+-----
Fighting       | 1 |  1.7
Earth Magic    | 3 |  3.3
Dodging        | |  1.7
Stealth        | |  1.7
Spellcasting   | |  2.8
Transmutations | |  0.8

Action                   || total
-------------------------++-------
Melee: Club              ||     5
       Dagger            ||    16
       Kick              ||     8
       Hand axe          ||    12
 Cast: Sandblast         ||    42
  Use: Potion            ||     2
 Stab: Paralysed         ||     1
Armor: Ring mail         ||    24
Dodge: Dodged            ||    33
